 Dungeon Crawl Stone Soup version 0.30-a0-743-gbfdf073431 (webtiles) character file.

Game seed: 10860837554160377043

27 lunkers the Slasher (level 3, 0/31 HPs)
             Began as a Meteoran Fighter on Feb 6, 2023.
             Succumbed to an adder's poison
             ... on level 2 of the Dungeon.
             The game lasted 00:01:15 (411 turns).

lunkers the Slasher (Meteoran Fighter)               Turns: 411, Time: 00:01:15

Health: 0/31       AC:  6    Str: 18    XL:     3   Next: 44%
Magic:  4/4        EV:  9    Int:  9    God:
Gold:   20         SH:  5    Dex: 15    Spells: 2/2 levels left

rFire   . . .      SeeInvis .    a - +0 long sword
rCold   . . .      Faith    .    c - +0 buckler
rNeg    . . .      Spirit   .    b - +0 scale mail
rPois   .          Reflect  .    (no helmet)
rElec   .          Harm     .    (no cloak)
rCorr   .          Rampage  .    (no gloves)
Will    .....                    (no boots) Stlth
                                 (no amulet)
HPRegen 0.25/turn                (no ring)
MPRegen 0.09/turn                (no ring)

@: lethally poisoned (0 -> -5), glowing
A: sense surroundings 1, otherworldly, glowing, explore regen
a: no special abilities


You were on level 2 of the Dungeon.
You visited 1 branch of the dungeon, and saw 2 of its levels.

You collected 20 gold pieces.

Inventory:

Hand Weapons
 a - a +0 long sword (weapon)
Armour
 b - a +0 scale mail (worn)
 c - a +0 buckler (worn)
Potions
 d - a potion of might


   Skills:
 - Level 3.2 Fighting
 + Level 4.2 Long Blades
 - Level 3.6 Armour
 - Level 3.6 Shields


You had 2 spell levels left.
You didn't know any spells.
Your spell library was empty.

Dungeon Overview and Level Annotations

Branches:
Dungeon (2/15) Zot: 775

Altars:


Innate Abilities, Weirdness & Mutations

You passively map a small area around you.
You are easily found by Zot.
You glow in the dark.
You regain HP and MP as you explore.


Message History

You feel sick.
You are no longer poisoned.
The adder bites you.
* * * LOW HITPOINT WARNING * * *
You have reached level 3!
Your experience leads to an increase in your attributes!
Increase (S)trength, (I)ntelligence, or (D)exterity?
You feel agile. x2; You feel stronger.
Are you sure you want to abandon this character and quit the game? (Confirm with "yes".)
Okay, then.
You completely miss the adder. The adder closely misses you.
You hit the adder.
The adder is moderately wounded.
You block the adder's attack. The adder closely misses you.
You hit the adder.
The adder is almost dead.
The adder bites you but does no damage.
You closely miss the adder.
The adder is almost dead.
The adder barely misses you. You block the adder's attack.
You barely miss the adder.
The adder is almost dead.
You block the adder's attack. The adder completely misses you.
You hit the adder.
You kill the adder!
The adder bites you.
* * * LOW HITPOINT WARNING * * *
Your Long Blades skill increases to level 4!
You hit the adder.
The adder is lightly wounded.
You block the adder's attack.
You closely miss the adder.
The adder is lightly wounded.
The adder bites you.
* * * LOW HITPOINT WARNING * * *
You are lethally poisoned!
The adder poisons you! The adder bites you but does no damage.
You hit the adder but do no damage.
The adder is lightly wounded.
You die...

, +...........# ,
#...........# , *
#.........).#
#...........#
#...........# *
#...........######## *
#...........##...... , *
###'####'#'###.##### *,
,, * #@#.##.#..#......# *
** * #S#..†.#<.#..###.# *
##.###K#.####.......#.#
,,#..S...#............#.#
#...K##########...#...# ,
#....#.,#........(....###
##.# #. #.#########.#.# #
* *#,*,.. #.. #...#.# #
..,#.#* #.###.# #


You could see an adder and a kobold.

Vanquished Creatures
  2 adders (D:2)
  2 endoplasms (D:1)
  A giant cockroach (D:2)
  A hobgoblin (D:2)
  A quokka (D:1)
  2 kobolds
9 creatures vanquished.

Notes
Turn   | Place    | Note
-------+----------+-------------------------------------------
     0 | D:1      | lunkers the Meteoran Fighter began the quest for the Orb.
     0 | D:1      | Reached XP level 1. HP: 19/19 MP: 2/2
   202 | D:1      | Reached skill level 3 in Long Blades
   202 | D:1      | Reached XP level 2. HP: 10/26 MP: 3/3
   287 | D:2      | Identified the +2 spear of Defence {antimagic, Str+3 Int+5}
   403 | D:2      | Reached XP level 3. HP: 3/31 MP: 4/4
   409 | D:2      | Reached skill level 4 in Long Blades
   411 | D:2      | Succumbed to an adder's poison

Illustrated notes

Levels and vault maps discovered:
D:1:      dpeg_arrival_arbitrary_a, layout_basic, serial_corexii_hall,
          corexii_hall_statues_x, corexii_hall_statues_u,
          chequers_hall_statues_wall_a
D:2:      minmay_chambers_of_ones, layout_basic, minmay_misc_feat_room,
          minmay_domino_2

Skill      XL: |  1  2  3 |
---------------+----------+-----
Long Blades    | 3 4 |  4.2
Fighting       | |  3.2
Armour         | |  3.6
Shields        | |  3.6

Action                     || total
---------------------------++-------
  Melee: Long sword        ||    49
 Armour: Scale mail        ||    21
  Dodge: Dodged            ||    18
  Block: Buckler           ||    14

Table legend: (Time is in decaauts)
 A = Elapsed time spent in this place.
 B = Non-inter-level travel time spent in this place.
 C = Inter-level travel time spent in this place.
 D = Time resting spent in this place.
 E = Time spent auto-exploring this place.
 F = Levels seen in this place.
 G = Mean time per level.
                   A        B        C        D        E       F      G
               +--------+--------+--------+--------+--------+-----+--------+
         Total |    424 |    383 |     41 |      0 |    280 |   2 |  212.0 |
       Dungeon |    424 |    383 |     41 |      0 |    280 |   2 |  212.0 |
               +--------+--------+--------+--------+--------+-----+--------+

Top non-repeatable levels by time:
     D:1: 246 daAuts
     D:2: 177 daAuts
